TOP OF THE 1ST |
New Orleans Zephyrs batting - Pitching for El Paso Chihuahuas : RHP Jorge Guerrero
|
Pitching: RHP Jorge Guerrero
|
|
Batting: LHB David Doge
|
0-0: Called Strike 0-1: Called Strike 0-2: Ground out 5-3 (Groundball, 6, EV 84.4 MPH)
|
Batting: RHB Orlando Landa
|
0-0: Ground out 5-3 (Groundball, 5, EV 98.1 MPH)
|
Batting: RHB Manuel Taveras
|
0-0: Called Strike 0-1: Ball 1-1: Ball 2-1: Ball 3-1: Base on Balls
|
Batting: RHB Adam McGurn
|
0-0: Ball 1-0: Ground out 4-3 (Groundball, 4S, EV 74.4 MPH)
|
Top of the 1st over - 0 runs, 0 hits, 0 errors, 1 left on base; New Orleans 0 - El Paso 0 |
BOTTOM OF THE 1ST |
El Paso Chihuahuas batting - Pitching for New Orleans Zephyrs : LHP Jeff Tavella
|
Pitching: LHP Jeff Tavella
|
|
Batting: LHB Angel Mejia
|
0-0: Ball 1-0: Ground out 5-3 (Groundball, 56, EV 81.2 MPH)
|
Batting: RHB Chase Briney
|
0-0: Called Strike 0-1: Foul Ball, location: 2F 0-2: Strikes out swinging
|
Batting: RHB Jose Morrissey
|
0-0: Foul Ball, location: 2F 0-1: Ball 1-1: Fly out, F9 (Flyball, 9LMF, EV 81.9 MPH)
|
Bottom of the 1st over - 0 runs, 0 hits, 0 errors, 0 left on base; New Orleans 0 - El Paso 0 |
TOP OF THE 2ND |
New Orleans Zephyrs batting - Pitching for El Paso Chihuahuas : RHP Jorge Guerrero
|
Batting: LHB Eric Bailey
|
0-0: Ball 1-0: Called Strike 1-1: Foul Ball, location: 2F 1-2: Foul Ball, location: 2F 1-2: Ball 2-2: Fly out, F7 (Flyball, 78D, EV 93.8 MPH)
|
Batting: RHB Rick Fell
|
0-0: Foul Ball, location: 2F 0-1: Ball 1-1: Foul Ball, location: 2F 1-2: Ball 2-2: Ground out 5-3 (Groundball, 56S, EV 73.8 MPH)
|
Batting: RHB Isaiah Brockman
|
0-0: Hit by Pitch
|
Batting: RHB Torquato Obawole
|
0-0: Ground out 4-3 (Groundball, 4, EV 97.5 MPH)
|
Top of the 2nd over - 0 runs, 0 hits, 0 errors, 1 left on base; New Orleans 0 - El Paso 0 |
BOTTOM OF THE 2ND |
El Paso Chihuahuas batting - Pitching for New Orleans Zephyrs : LHP Jeff Tavella
|
Batting: RHB Andy Sheridan
|
0-0: Fly out, F7 (Line Drive, 7, EV 96.9 MPH)
|
Batting: LHB Carlos Cuellar
|
0-0: Called Strike 0-1: Swinging Strike 0-2: Fly out, F7 (Line Drive, 7LS, EV 104.4 MPH)
|
Batting: RHB Eric Sandell
|
0-0: Ball 1-0: Called Strike 1-1: Swinging Strike 1-2: Foul Ball, location: 2F 1-2: Ball 2-2: Strikes out swinging
|
Bottom of the 2nd over - 0 runs, 0 hits, 0 errors, 0 left on base; New Orleans 0 - El Paso 0 |
TOP OF THE 3RD |
New Orleans Zephyrs batting - Pitching for El Paso Chihuahuas : RHP Jorge Guerrero
|
Batting: RHB Masumitsu Sugiura
|
0-0: Swinging Strike 0-1: Called Strike 0-2: Foul Ball, location: 2F 0-2: Ball 1-2: Ball 2-2: Strikes out swinging
|
Batting: LHB David Doge
|
0-0: Ball 1-0: Ball 2-0: Foul Ball, location: 2F 2-1: DOUBLE (Line Drive, 9LM, EV 105.0 MPH)
|
Batting: RHB Orlando Landa
|
0-0: Ball 1-0: Called Strike 1-1: Called Strike 1-2: Foul Ball, location: 2F 1-2: Strikes out looking
|
Batting: RHB Manuel Taveras
|
0-0: Ball 1-0: Foul Ball, location: 2F 1-1: Swinging Strike 1-2: Strikes out swinging
|
Top of the 3rd over - 0 runs, 1 hit, 0 errors, 1 left on base; New Orleans 0 - El Paso 0 |
BOTTOM OF THE 3RD |
El Paso Chihuahuas batting - Pitching for New Orleans Zephyrs : LHP Jeff Tavella
|
Batting: RHB Kiril Emeshin
|
0-0: Ball 1-0: Ground out 4-3 (Groundball, 4MD, EV 84.4 MPH)
|
Batting: SHB Adam Martin
|
0-0: Ball 1-0: SINGLE (Line Drive, 9S, EV 89.4 MPH)
|
Batting: RHB Lamberto Amicis
|
0-0: Called Strike 0-1: Ball 1-1: Foul Ball, location: 2F 1-2: Ball 2-2: Foul Ball, location: 2F 2-2: Foul Ball, location: 2F 2-2: Fly out, F6 (Line Drive, 6, EV 68.8 MPH)
|
Batting: LHB Angel Mejia
|
0-0: Swinging Strike 0-1: Ball 1-1: Ball 2-1: Ground out U3 (Groundball, 3, EV 90.6 MPH)
|
Bottom of the 3rd over - 0 runs, 1 hit, 0 errors, 1 left on base; New Orleans 0 - El Paso 0 |
TOP OF THE 4TH |
New Orleans Zephyrs batting - Pitching for El Paso Chihuahuas : RHP Jorge Guerrero
|
Batting: RHB Adam McGurn
|
0-0: Ball 1-0: Foul Ball, location: 2F 1-1: Foul Ball, location: 2F 1-2: Ball 2-2: Ball 3-2: SINGLE (Groundball, 6S, EV 61.2 MPH) (infield hit)
|
Batting: LHB Eric Bailey
|
0-0: Ball Adam McGurn steals 2nd base 1-0: Ball 2-0: SINGLE (Groundball, 6D, EV 103.1 MPH) Adam McGurn to third
|
Batting: RHB Rick Fell
|
0-0: Foul Ball, location: 2F 0-1: Ball 1-1: Ball 2-1: Ball 3-1: Fielders Choice at 2nd, 5-4 (Groundball, 56, EV 109.4 MPH) Adam McGurn scores
|
Batting: RHB Isaiah Brockman
|
0-0: Ball 1-0: Ball Rick Fell steals 2nd, throwing error, E2 Rick Fell to third 2-0: Fly out, F9 (Line Drive, 9S, EV 95.6 MPH)
|
Batting: RHB Torquato Obawole
|
0-0: Ball 1-0: Foul Ball, location: 2F 1-1: Ball 2-1: Ground out 6-3 (Groundball, 6, EV 106.2 MPH)
|
Top of the 4th over - 1 run, 2 hits, 1 error, 1 left on base; New Orleans 1 - El Paso 0 |
BOTTOM OF THE 4TH |
El Paso Chihuahuas batting - Pitching for New Orleans Zephyrs : LHP Jeff Tavella
|
Batting: RHB Chase Briney
|
0-0: Ball 1-0: Foul Ball, location: 2F 1-1: Ground out 4-3 (Groundball, 34D, EV 88.8 MPH)
|
Batting: RHB Jose Morrissey
|
0-0: Ball 1-0: SOLO HOME RUN (Line Drive, 9D, EV 101.9 MPH), Distance : 387 ft
|
Batting: RHB Andy Sheridan
|
0-0: Ball 1-0: Foul Ball, location: 2F 1-1: Ball 2-1: Ground out 4-3 (Groundball, 34, EV 98.8 MPH)
|
Batting: LHB Carlos Cuellar
|
0-0: Ball 1-0: SINGLE (Line Drive, 6D, EV 98.8 MPH)
|
Batting: RHB Eric Sandell
|
0-0: Foul Ball, location: 2F 0-1: Called Strike 0-2: Ball Wild Pitch! Carlos Cuellar to second 1-2: Ball 2-2: Foul Ball, location: 2F 2-2: Ball 3-2: Base on Balls
|
Batting: RHB Kiril Emeshin
|
0-0: Ball Wild Pitch! Carlos Cuellar to third Eric Sandell to second 1-0: Ball 2-0: Ball 3-0: Base on Balls
|
Batting: SHB Adam Martin
|
0-0: SINGLE (Groundball, 6M, EV 100.0 MPH) (infield hit) Carlos Cuellar scores Eric Sandell to third Kiril Emeshin to second
|
Batting: RHB Lamberto Amicis
|
0-0: Fly out, F8 (Flyball, 8RD, EV 105.0 MPH)
|
Bottom of the 4th over - 2 runs, 3 hits, 0 errors, 3 left on base; New Orleans 1 - El Paso 2 |
TOP OF THE 5TH |
New Orleans Zephyrs batting - Pitching for El Paso Chihuahuas : RHP Jorge Guerrero
|
Batting: RHB Masumitsu Sugiura
|
0-0: Ball 1-0: Ball 2-0: Ball 3-0: Ground out 3-1 (Groundball, 34, EV 87.5 MPH)
|
Batting: LHB David Doge
|
0-0: Ball 1-0: Ground out 5-3 (Groundball, 6S, EV 85.0 MPH)
|
Batting: RHB Orlando Landa
|
0-0: Called Strike 0-1: Ground out 5-3 (Groundball, 56S, EV 81.9 MPH)
|
Top of the 5th over - 0 runs, 0 hits, 0 errors, 0 left on base; New Orleans 1 - El Paso 2 |
BOTTOM OF THE 5TH |
El Paso Chihuahuas batting - Pitching for New Orleans Zephyrs : LHP Jeff Tavella
|
Batting: LHB Angel Mejia
|
0-0: Called Strike 0-1: Called Strike 0-2: Ball 1-2: Ground out 4-3 (Groundball, 4, EV 103.1 MPH)
|
Batting: RHB Chase Briney
|
0-0: Ball 1-0: Called Strike 1-1: Ball 2-1: Ground out 5-3 (Groundball, 56, EV 86.2 MPH)
|
Batting: RHB Jose Morrissey
|
0-0: Ball 1-0: Swinging Strike 1-1: Ball 2-1: Ball 3-1: DOUBLE (Line Drive, 3D, EV 96.2 MPH)
|
Batting: RHB Andy Sheridan
|
0-0: Called Strike 0-1: Foul Ball, location: 2F 0-2: Ball 1-2: Ground out 6-3 (Groundball, 6M, EV 97.5 MPH)
|
Bottom of the 5th over - 0 runs, 1 hit, 0 errors, 1 left on base; New Orleans 1 - El Paso 2 |
TOP OF THE 6TH |
New Orleans Zephyrs batting - Pitching for El Paso Chihuahuas : RHP Jorge Guerrero
|
Batting: RHB Manuel Taveras
|
0-0: Called Strike 0-1: Swinging Strike 0-2: Ball 1-2: Ground out 4-3 (Groundball, 4MD, EV 90.0 MPH)
|
Batting: RHB Adam McGurn
|
0-0: Ball 1-0: Called Strike 1-1: Foul Ball, location: 2F 1-2: Ball 2-2: Foul Ball, location: 2F 2-2: Ground out 5-3 (Groundball, 5S, EV 86.2 MPH)
|
Batting: LHB Eric Bailey
|
0-0: Ball 1-0: Ball 2-0: Swinging Strike 2-1: Called Strike 2-2: Foul Ball, location: 2F 2-2: Fly out, F7 (Flyball, 78D, EV 106.2 MPH)
|
Top of the 6th over - 0 runs, 0 hits, 0 errors, 0 left on base; New Orleans 1 - El Paso 2 |
BOTTOM OF THE 6TH |
El Paso Chihuahuas batting - Pitching for New Orleans Zephyrs : LHP Jeff Tavella
|
Batting: LHB Carlos Cuellar
|
0-0: Called Strike 0-1: Ground out 5-3 (Groundball, 56, EV 110.0 MPH)
|
Batting: RHB Eric Sandell
|
0-0: Ball 1-0: Ball 2-0: Ball 3-0: Called Strike 3-1: Called Strike 3-2: Strikes out swinging
|
Batting: RHB Kiril Emeshin
|
0-0: Ball 1-0: Swinging Strike 1-1: Swinging Strike 1-2: Strikes out swinging
|
Bottom of the 6th over - 0 runs, 0 hits, 0 errors, 0 left on base; New Orleans 1 - El Paso 2 |
TOP OF THE 7TH |
New Orleans Zephyrs batting - Pitching for El Paso Chihuahuas : RHP Jorge Guerrero
|
Batting: RHB Rick Fell
|
0-0: Ball 1-0: Ball 2-0: Foul Ball, location: 2F 2-1: Ball 3-1: Base on Balls
|
Batting: LHB Adam Durgin
|
0-0: Foul Ball, location: 2F 0-1: Ball 1-1: Fly out, F7 (Line Drive, 7D, EV 95.6 MPH)
|
Batting: RHB Torquato Obawole
|
0-0: Ball 1-0: Ball 2-0: Hit by Pitch Rick Fell to second
|
Batting: RHB Masumitsu Sugiura
|
0-0: Called Strike 0-1: Called Strike 0-2: Grounds into double play, 6-4-3 (Groundball, 6, EV 85.0 MPH)
|
Top of the 7th over - 0 runs, 0 hits, 0 errors, 1 left on base; New Orleans 1 - El Paso 2 |
BOTTOM OF THE 7TH |
El Paso Chihuahuas batting - Pitching for New Orleans Zephyrs : LHP Jeff Tavella
|
Batting: SHB Adam Martin
|
0-0: Called Strike 0-1: Foul Ball, location: 2F 0-2: Strikes out swinging
|
Batting: RHB Lamberto Amicis
|
0-0: Called Strike 0-1: Ground out 1-3 (Groundball, 25, EV 68.8 MPH)
|
Batting: LHB Angel Mejia
|
0-0: Ball 1-0: Ball 2-0: Foul Ball, location: 2F 2-1: SINGLE (Flyball, 6MD, EV 91.2 MPH)
|
Batting: RHB Chase Briney
|
0-0: SINGLE (Groundball, 5S, EV 69.4 MPH) (infield hit) Angel Mejia to second
|
Pitching: RHP Matt Murray
|
|
Batting: RHB Jose Morrissey
|
0-0: Ball 1-0: Ball 2-0: Ground out 6-3 (Groundball, 6S, EV 83.1 MPH)
|
Bottom of the 7th over - 0 runs, 2 hits, 0 errors, 2 left on base; New Orleans 1 - El Paso 2 |
TOP OF THE 8TH |
New Orleans Zephyrs batting - Pitching for El Paso Chihuahuas : RHP Jorge Guerrero
|
Pitching: LHP Darby Jones
|
|
Batting: LHB David Doge
|
0-0: Ground out 6-3 (Groundball, 6MS, EV 83.1 MPH)
|
Pitching: RHP Eddie Starks
|
|
Batting: RHB Orlando Landa
|
0-0: Ball 1-0: Ball 2-0: Ball 3-0: Called Strike 3-1: Base on Balls
|
Batting: RHB Manuel Taveras
|
0-0: SINGLE (Line Drive, 78M, EV 97.5 MPH) Orlando Landa to second
|
Batting: RHB Adam McGurn
|
0-0: Foul Ball, location: 2F 0-1: Ball 1-1: Foul Ball, location: 2F 1-2: Ball 2-2: Strikes out looking
|
Batting: LHB Eric Bailey
|
0-0: Ball 1-0: Swinging Strike 1-1: SINGLE (Groundball, 4, EV 93.8 MPH) Orlando Landa to third Manuel Taveras to second Runner from 3rd tries for Home, SAFE, throw by RF to home Manuel Taveras to third Eric Bailey to second
|
Batting: RHB Rick Fell
|
0-0: Ball 1-0: Called Strike 1-1: Foul Ball, location: 2F 1-2: SINGLE (Line Drive, 89S, EV 90.6 MPH) Manuel Taveras scores Eric Bailey to third Runner from 3rd tries for Home, SAFE, throw by RF to home
|
Batting: LHB Adam Durgin
|
Pickoff Throw to First - Out! 1-3 CS
|
Top of the 8th over - 3 runs, 3 hits, 0 errors, 0 left on base; New Orleans 4 - El Paso 2 |
BOTTOM OF THE 8TH |
El Paso Chihuahuas batting - Pitching for New Orleans Zephyrs : RHP Matt Murray
|
Batting: RHB Andy Sheridan
|
0-0: Ground out 6-3 (Groundball, 6, EV 108.1 MPH)
|
Batting: LHB Carlos Cuellar
|
0-0: Called Strike 0-1: Ball 1-1: Ball 2-1: Called Strike 2-2: Ball 3-2: DOUBLE (Line Drive, 8LXD, EV 106.2 MPH)
|
Batting: RHB Eric Sandell
|
0-0: Called Strike 0-1: Fly out, F7 (Flyball, 7, EV 91.9 MPH)
|
Batting: RHB Kiril Emeshin
|
0-0: Ball 1-0: Ball Wild Pitch! Carlos Cuellar to third 2-0: Called Strike 2-1: Ball 3-1: Base on Balls
|
Batting: SHB Adam Martin
|
0-0: Ball 1-0: Ball 2-0: Foul Ball, location: 2F 2-1: Foul Ball, location: 2F 2-2: Strikes out looking
|
Bottom of the 8th over - 0 runs, 1 hit, 0 errors, 2 left on base; New Orleans 4 - El Paso 2 |
TOP OF THE 9TH |
New Orleans Zephyrs batting - Pitching for El Paso Chihuahuas : RHP Eddie Starks
|
Pitching: RHP Carlos Sepulveda
|
|
Batting: LHB Adam Durgin
|
0-0: Ball 1-0: Called Strike 1-1: Foul Ball, location: 2F 1-2: Strikes out swinging
|
Batting: RHB Torquato Obawole
|
0-0: Foul Ball, location: 2F 0-1: Called Strike 0-2: Ball 1-2: Strikes out swinging
|
Batting: RHB Masumitsu Sugiura
|
0-0: Ball 1-0: Swinging Strike 1-1: Foul Ball, location: 2F 1-2: Strikes out swinging
|
Top of the 9th over - 0 runs, 0 hits, 0 errors, 0 left on base; New Orleans 4 - El Paso 2 |
BOTTOM OF THE 9TH |
El Paso Chihuahuas batting - Pitching for New Orleans Zephyrs : RHP Matt Murray
|
Pitching: RHP J.P. Wilson
|
|
Batting: RHB Lamberto Amicis
|
0-0: SINGLE (Groundball, 34S, EV 75.0 MPH) (infield hit)
|
Batting: LHB Angel Mejia
|
0-0: Ball 1-0: 2-RUN HOME RUN (Flyball, 9D, EV 105.6 MPH), Distance : 413 ft
|
Batting: RHB Chase Briney
|
0-0: Ball 1-0: Ball 2-0: Ball 3-0: Base on Balls
|
Batting: RHB Jose Morrissey
|
0-0: Ball 1-0: Called Strike 1-1: Ball 2-1: Swinging Strike 2-2: Foul Ball, location: 2F 2-2: Ground out 4-3 (Groundball, 34, EV 90.0 MPH) Chase Briney to second
|
Batting: RHB Andy Sheridan
|
0-0: Ball 1-0: Foul Ball, location: 2F 1-1: Ball 2-1: Ground out 4-3 (Groundball, 4, EV 83.8 MPH) Chase Briney to third
|
Batting: LHB Carlos Cuellar
|
0-0: Ball 1-0: Foul Ball, location: 2F 1-1: Foul Ball, location: 2F 1-2: Ball 2-2: Ball 3-2: SINGLE (Line Drive, 8LS, EV 105.0 MPH) Chase Briney scores
|
Bottom of the 9th over - 3 runs, 3 hits, 0 errors, 1 left on base; New Orleans 4 - El Paso 5 |
|